 Dungeon Crawl Stone Soup version 0.29-a0-923-g6e406bff71 (webtiles) character file.

Game seed: 12136199517379166993

12 Newt the Ducker (level 2, -7/22 HPs)
             Began as a Demonspawn Gladiator on July 27, 2022.
             Was a Follower of Trog.
             Killed by nerve-wracking pain
             ... invoked by Jessica
              (13 damage)
             ... on level 2 of the Dungeon.
             The game lasted 00:01:16 (1179 turns).

Newt the Ducker (Demonspawn Gladiator)              Turns: 1179, Time: 00:01:17

Health: -7/22      AC:  4    Str: 14    XL:     2   Next: 20%
Magic:  2/2        EV: 12    Int:  9    God:    Trog [*.....]
Gold:   20         SH:  0    Dex: 14    Spells: 1/1 levels left

rFire   . . .      SeeInvis .     - Unarmed
rCold   . . .      Faith    .   (no shield)
rNeg    . . .      Spirit   .   a - +0 leather armour
rPois   .          Reflect  .   b - +0 helmet
rElec   .          Harm     .   (no cloak)
rCorr   .          Rampage  .   (no gloves)
Will    .....                   (no boots)
Stlth   +.........              (no amulet)
HPRegen 0.07/turn               (no ring)
MPRegen 0.08/turn               (no ring)

@: no status effects
A: powered by death 1
a: Renounce Religion, Berserk


You were on level 2 of the Dungeon.
You worshipped Trog.
Trog was aware of your devotion.
You visited 1 branch of the dungeon, and saw 2 of its levels.

You collected 20 gold pieces.

Inventory:

Missiles
 c - 2 throwing nets (quivered)
 d - a javelin
Armour
 a - a +0 leather armour (worn)
 b - a +0 helmet (worn)
Scrolls
 e - a scroll of teleportation {unknown}
 h - a scroll of identify {unknown}
Potions
 f - a potion of curing {unknown}
 g - 3 potions of heal wounds {unknown}


   Skills:
 + Level 2.0 Fighting
 + Level 1.8 Throwing
 + Level 0.4 Armour
 + Level 3.0 Dodging
 + Level 2.8 Unarmed Combat


You had one spell level left.
You didn't know any spells.
Your spell library was empty.

Dungeon Overview and Level Annotations

Branches:
Dungeon (2/15)

Altars:
Trog

Shops:
D:1 *

Annotations:
D:2 Jessica


Innate Abilities, Weirdness & Mutations

You regenerate a little health from kills.


Message History

Jessica is caught in the net!
Jessica struggles against the net.
Jessica mumbles some strange words.
Jessica blinks!
You see here a throwing net.
c - 3 throwing nets (gained 1) Throw: 3 throwing nets
Press: ? - help, Q - select action, (/) - cycle Shift-Dir - straight line, f/p - Jessica
Aim: Jessica, wielding a +0 club and wearing a +0 robe (59% to hit)
You throw a throwing net. The throwing net hits Jessica.
Jessica is caught in the net!
Jessica struggles against the net.
Jessica points at you and mumbles some strange words.
Pain shoots through your body!
Jessica struggles against the net.
You hit Jessica but do no damage.
Jessica struggles against the net.
You barely miss Jessica.
Jessica casts a spell.
Jessica seems to speed up.
Jessica struggles against the net.
You hit Jessica but do no damage. You hit Jessica.
Jessica is heavily wounded.
Jessica casts a spell.
Jessica blinks!
Jessica hits you with a +0 club.
You barely miss Jessica.
Jessica is heavily wounded.
Jessica mumbles some strange words.
Jessica blinks!
You barely miss Jessica.
Jessica is heavily wounded.
Jessica gestures at you while chanting. Pain shoots through your body!
Ouch! That really hurt!
* * * LOW HITPOINT WARNING * * *
You hit Jessica.
Jessica is severely wounded.
Jessica gestures at you while chanting. Pain shoots through your body!
Ouch! That really hurt!
You die...

##...##
##.....##
#.......#
#.......#
#.[.....##
#.......###
##.........#
#.....(.##...
#...@.<.# .
#..@....#
##.....##
...#)..##
...#####
#.... #....
#..


You could see Jessica (fast).

Vanquished Creatures
  2 endoplasms (D:1)
  A goblin (D:1)
  A hobgoblin (D:1)
  2 ball pythons (D:1)
  2 bats (D:1)
  3 frilled lizards (D:1)
  A kobold (D:1)
  A rat (D:1)
13 creatures vanquished.

Notes
Turn   | Place    | Note
-------+----------+-------------------------------------------
     0 | D:1      | Newt the Demonspawn Gladiator began the quest for the Orb.
     0 | D:1      | Reached XP level 1. HP: 16/16 MP: 1/1
   115 | D:1      | Found a faded altar of an unknown god.
   123 | D:1      | Prayed at the altar of an unknown god.
   123 | D:1      | Became a worshipper of Trog the Wrathful
   123 | D:1      | Reached * piety under Trog
   621 | D:1      | Reached skill level 3 in Dodging
   621 | D:1      | Gained mutation: You regenerate a little health from kills.
                  | [demonic ancestry]
   621 | D:1      | Reached XP level 2. HP: 22/22 MP: 2/2
   886 | D:1      | Found Oganimyrph's General Store.
  1103 | D:2      | Noticed Jessica
  1179 | D:2      | Killed from afar by Jessica

Illustrated notes

Levels and vault maps discovered:
D:1:      sevenhm_arrival_forest_fort_large_3, layout_basic,
          chequers_ecumenical_altar_simple, serial_shops, shop
D:2:      layout_rooms, kennysheep_crisscross, kennysheep_generic_room_7,
          uniq_jessica

Skill      XL: |  1 |
---------------+----+-----
Dodging        | 3 |  3.0
Fighting       | |  2.0
Throwing       | |  1.8
Armour         | |  0.4
Unarmed Combat | |  2.8

Action                   || total
-------------------------++-------
Melee: Unarmed           ||    64
Throw: Throwing net      ||     2
Armor: Leather armour    ||    23
Dodge: Dodged            ||    25

Table legend: (Time is in decaauts)
 A = Elapsed time spent in this place.
 B = Non-inter-level travel time spent in this place.
 C = Inter-level travel time spent in this place.
 D = Time resting spent in this place.
 E = Time spent auto-exploring this place.
 F = Levels seen in this place.
 G = Mean time per level.
                   A        B        C        D        E       F      G
               +--------+--------+--------+--------+--------+-----+--------+
         Total |   1176 |   1166 |     10 |     51 |    982 |   2 |  588.0 |
       Dungeon |   1176 |   1166 |     10 |     51 |    982 |   2 |  588.0 |
               +--------+--------+--------+--------+--------+-----+--------+

Top non-repeatable levels by time:
     D:1: 1156 daAuts
     D:2: 20 daAuts
